 Dungeon Crawl Stone Soup version 0.29.0-10-g45618ea6d2 (webtiles) character file.

Game seed: 12681078798596176173

17377 sanka the Brawler (level 12, -20/128 HPs)
             Began as a Troll Cinder Acolyte on Sept 1, 2022.
             Was a Follower of Okawaru.
             Demolished by a two-headed ogre
             ... wielding a +0 giant spiked club
              (35 damage)
             ... on level 12 of the Dungeon.
             The game lasted 00:22:14 (11393 turns).

sanka the Brawler (Troll Cinder Acolyte)           Turns: 11393, Time: 00:22:14

Health: -20/128    AC:  7    Str: 25    XL:     12   Next: 18%
Magic:  12/13      EV: 14    Int: 10    God:    Okawaru [*.....]
Gold:   297        SH:  0    Dex:  9    Spells: 13/13 levels left

rFire   . . .      SeeInvis .     - Unarmed
rCold   + . .      Faith    .   (no shield)
rNeg    + . .      Spirit   .   R - +2 robe {rC+ rF+}
rPois   .          Reflect  .   (helmet restricted)
rElec   .          Harm     .   n - +0 cloak
rCorr   .          Rampage  .   (gloves unavailable)
Will    .....                   (boots unavailable)
Stlth   +++.......              l - amulet of the acrobat
HPRegen 1.11/turn               M - ring of positive energy
MPRegen 0.13/turn               Q - +4 ring of evasion

@: heroic, fire susceptible
A: large, unfitting armour, claws 3, regeneration 1, shaggy fur 1, tough skin 1
a: Renounce Religion, Heroism


You were on level 12 of the Dungeon.
You worshipped Okawaru.
Okawaru was aware of your devotion.
You visited 2 branches of the dungeon, and saw 13 of its levels.
You also visited: Sewer.

You collected 837 gold pieces.
You spent 540 gold pieces at shops.


Innate Abilities, Weirdness & Mutations

You are too large for most types of armour.
You have claws for hands.
Your natural rate of healing is unusually fast.
You are covered in fur. (AC +1)
You have tough skin. (AC +1)


   Skills:
 - Level 10.8(15.8) Fighting
 - Level 15.5(20.5) Unarmed Combat
 - Level 1.0 Spellcasting
 - Level 2.1 Fire Magic
 + Level 3.4 Invocations


You had 13 spell levels left.
You didn't know any spells.
Your spell library contained the following spells:

 Spells                   Type           Power      Damage    Failure   Level
 Scorch                   Fire           8%         2d5       22%         2
 Magic Dart               Conj           0%         1d3       34%         1
 Sandblast                Erth           0%         2d4       34%         1
 Slow                     Hex            0%         N/A       34%         1
 Passwall                 Tmut/Erth      0%         N/A       45%         2
 Searing Ray              Conj           0%         2d4       45%         2
 Confusing Touch          Hex            0%         N/A       71%         3
 Dazzling Flash           Conj/Hex       0%         N/A       71%         3
 Stone Arrow              Conj/Erth      0%         3d7       71%         3
 Vampiric Draining        Necr           0%         2d6       71%         3
 Fulminant Prism          Conj/Hex       0%         3d6       98%         4
 Iskenderun's Mystic Bla  Conj/Tloc      0%         2d3       98%         4
 Petrify                  Tmut/Erth      0%         N/A       98%         4
 Metabolic Englaciation   Hex/Ice        0%         N/A       100%        5
 Starburst                Conj/Fire      1%         6d3       100%        6
 Statue Form              Tmut/Erth      0%         N/A       100%        6
 Borgnjor's Revivificati  Necr           0%         N/A       100%        8
 Necromutation            Tmut/Necr      0%         N/A       100%        8
 Death's Door             Necr           0%         N/A       100%        9
 Summon Forest            Summ/Tloc      Unusable   N/A       N/A         5
 Summon Mana Viper        Hex/Summ       Unusable   N/A       N/A         5
 Summon Cactus Giant      Summ           Unusable   N/A       N/A         6

Inventory:

Hand Weapons
 b - a +6 scimitar of flaming {!a}
Missiles
 G - 4 javelins (quivered)
 P - 9 large rocks {=f}
Armour
 a - a +0 robe
 n - a +0 cloak (worn)
 H - a +0 tower shield
 R - a +2 robe of resistance (worn)
 S - +0 acid dragon scales
Magical Staves
 o - a staff of fire
 t - a staff of cold
 K - a staff of poison
Jewellery
 l - an amulet of the acrobat (around neck)
 y - a +6 ring of intelligence
 M - a ring of positive energy (left claw)
 N - a +6 ring of intelligence
 Q - a +4 ring of evasion (right claw)
Wands
 r - a wand of roots (26)
 F - a wand of flame (37)
 I - a wand of paralysis (14)
 L - a wand of mindburst (14)
 T - a wand of acid (4)
Scrolls
 c - 4 scrolls of enchant armour
 e - 2 scrolls of noise {unknown}
 h - 2 scrolls of amnesia {unknown}
 i - 3 scrolls of vulnerability {!r}
 m - 3 scrolls of fear
 q - 3 scrolls of immolation {!r}
 s - 5 scrolls of teleportation {@r4}
 w - 2 scrolls of summoning {unknown}
 x - 3 scrolls of poison {!r}
 z - 3 scrolls of blinking {unknown}
 B - 2 scrolls of butterflies {unknown}
 C - 2 scrolls of magic mapping {unknown}
 D - a scroll of brand weapon {unknown}
 U - 3 scrolls of identify {@r1}
Potions
 d - 5 potions of resistance
 f - 2 potions of berserk rage {unknown}
 g - 2 potions of brilliance {unknown}
 j - a potion of haste {unknown}
 k - 10 potions of curing {@q1}
 p - 3 potions of mutation {!q}
 u - 4 potions of lignification {unknown}
 v - a potion of invisibility {unknown}
 A - a potion of attraction {unknown}
 E - 4 potions of magic {unknown}
 J - 2 potions of heal wounds {@q2}
 O - 6 potions of flight

Dungeon Overview and Level Annotations

Branches:
Dungeon (12/15)            Temple (1/1) D:4            Lair (0/5) D:10
    Orc (0/2) D:9           Sewer (visited)

Altars:
Ashenzari
Cheibriados
Dithmenos
Elyvilon
Fedhas
Gozag
Hepliaklqana
Kikubaaqudgha
Makhleb
Nemelex Xobeh
Okawaru
Qazlal
Ru
Sif Muna
Trog
Uskayaw
Vehumet
Wu Jian
Xom
Yredelemnul
Zin
The Shining One

Shops:
D:7 *   D:8 !   D:9 [

Annotations:
D:9 exclusion: downstairs
D:10 exclusion: downstairs

▒▒▒▒▒▒▒▒▒▒▒▒▒▒▒▒▒▒▒▒▒▒▒▒
........................
.........▒▒▒▒...........
...▒.....▒ ▒J..T...▒
.........▒ ▒...O...▒
.........▒▒▒▒.......▒
........<....J.........
........▒▒▒▒'▒▒▒▒...▒▒.▒
........▒ ... ...▒ .
........▒.... .....
........▒.... ...▒..
........▒.... ..▒▒.


You could see a very large slime creature (fleeing), a slime creature (fleeing)
and a two-headed ogre.


Message History

The very large slime creature is moderately wounded.
You barely miss the very large slime creature.
The very large slime creature is moderately wounded.
The slime creature hits you!
You mangle the very large slime creature!!
The very large slime creature is heavily wounded.
You scratch the very large slime creature but do no damage.
The very large slime creature is heavily wounded.
The slime creature completely misses you.
The very large slime creature hits you!!!
* * * LOW HITPOINT WARNING * * *
As you read the scroll of fear, it crumbles to dust.
You assume a fearsome visage.
The two-headed ogre resists with some effort.
The slime creature looks frightened!
The very large slime creature looks frightened!
The two-headed ogre hits you with a +0 giant spiked club!
* * * LOW HITPOINT WARNING * * *
The two-headed ogre hits you with a +0 giant club!
* * * LOW HITPOINT WARNING * * *
Unknown command.
You claw the two-headed ogre!
The two-headed ogre is moderately wounded.
You claw the two-headed ogre! You claw the two-headed ogre.
The two-headed ogre is heavily wounded.
You barely miss the two-headed ogre.
The two-headed ogre is heavily wounded.
The two-headed ogre hits you with a +0 giant spiked club!!
You die...

Action                   |  1- 3 |  4- 6 |  7- 9 | 10-12 || total
-------------------------+-------+-------+-------+-------++-------
Melee: Unarmed           |    75 |   236 |   256 |   361 ||   928
       Punch             |     1 |     2 |     8 |    32 ||    43
       Scimitar          |       |       |       |     7 ||     7
Throw: Javelin           |       |       |       |     4 ||     4
Invok: Fiery Armour      |       |       |     1 |     5 ||     6
       Heroism           |       |       |       |     3 ||     3
  Use: Scroll            |       |       |       |    11 ||    11
       Potion            |       |       |       |     3 ||     3
Armor: Robe              |    42 |    89 |    57 |    94 ||   282
Dodge: Dodged            |    45 |   114 |    85 |   224 ||   468

Levels and vault maps discovered:
D:1:      saegor_arrival_simple_d, layout_rooms, serial_co_window_serial,
          co_window_of_opportunity_a, co_window_paths_a, co_window_paths_a,
          co_window_paths_b, co_window_paths_b, co_window_cross_2,
          co_window_corner_ca, co_window_unsneaky_path_e,
          co_window_of_opportunity_b, co_window_paths_e, co_window_sun,
          hellmonk_ecumenical_altar_inner_sanctum, minmay_tromino_v4_a
D:2:      kennysheep_six_static_rooms, layout_basic, serial_corexii_hall,
          chequers_hall_statues_y, chequers_hall_statues_y, uniq_natasha
D:3:      layout_rooms, mainiacjoe_overflow_paths, trog_antimagical,
          minmay_misc_feat_iff, skrybe_limestone_x, hex_large
D:4:      layout_loops_ring, chequers_temple_overflow_minitemple,
          minmay_temple_entry_poolview, portal_sewer_entry_a,
          grunt_decor_junction, uniq_robin
D:5:      layout_cave_pods, nicolae_sif_muna_condensation
D:6:      layout_basic, mainiacjoe_overflow_large_starburst,
          kb_lookout_dungeons_type, chequers_serial_rivers_micro_b
D:7:      layout_basic, nicolae_overflow_crystal_walls,
          lemuel_coloured_pillars_altar, minmay_shop_mayhem, uniq_menkaure
D:8:      layout_gridville, serial_shops, shop, kennysheep_big_empty_room,
          minmay_misc_feat_room, uniq_joseph, uniq_pikel
D:9:      wad_statue_garden, layout_cave_pools, mainiacjoe_overflow_alcove_4,
          nzn_wu_jian_contemplation, orc_david_3, minmay_holes
D:10:     layout_basic, grunt_temple_overflow_lords_of_destruction,
          minmay_lair_entry_grove
D:11:     layout_stronghold, uniq_erica
D:12:     layout_stronghold, hangedman_decor_clover_reticule, elyvilon_altar_1,
          uniq_jorgrun, uniq_urug, uniq_josephine
Temple:   nicolae_temple_godpark

Notes
Turn   | Place    | Note
-------+----------+-------------------------------------------
     0 | D:1      | sanka the Troll Cinder Acolyte began the quest for the Orb.
     0 | D:1      | Reached XP level 1. HP: 22/22 MP: 1/1
   197 | D:1      | Found a faded altar of an unknown god.
   309 | D:1      | Reached XP level 2. HP: 29/29 MP: 2/2
   951 | D:2      | Reached skill level 4 in Unarmed Combat
   966 | D:2      | Reached XP level 3. HP: 24/36 MP: 3/3
  1138 | D:2      | Noticed Natasha
  1145 | D:2      | Killed Natasha
  1146 | D:2      | Reached skill level 5 in Unarmed Combat
  1146 | D:2      | Reached XP level 4. HP: 44/44 MP: 4/4
  1161 | D:2      | Noticed Natasha
  1170 | D:2      | Killed Natasha
  1530 | D:2      | Reached XP level 5. HP: 50/50 MP: 5/5
  1674 | D:2      | Noticed Natasha
  1690 | D:2      | Killed Natasha
  1691 | D:2      | Reached skill level 6 in Unarmed Combat
  2064 | D:3      | Found a hide-covered altar of Uskayaw.
  2149 | D:3      | Found a bloodstained altar of Trog.
  2432 | D:4      | Reached XP level 6. HP: 59/59 MP: 6/6
  2449 | D:4      | Reached skill level 7 in Unarmed Combat
  2550 | D:4      | Found a glowing drain.
  2613 | Sewer    | Entered a sewer
  2939 | Sewer    | Reached skill level 8 in Unarmed Combat
  2998 | Sewer    | Reached XP level 7. HP: 66/66 MP: 7/7
  3403 | D:4      | Noticed Robin
  3413 | D:4      | Killed Robin
  3651 | D:4      | Found a shimmering altar of Xom.
  3651 | D:4      | Found an ancient bone altar of Kikubaaqudgha.
  3678 | D:4      | Found a snail-covered altar of Cheibriados.
  3680 | D:4      | Found a faded altar of an unknown god.
  3682 | D:4      | Found a faded altar of an unknown god.
  3810 | D:4      | Found a staircase to the Ecumenical Temple.
  3958 | Temple   | Entered the Ecumenical Temple
  4131 | D:5      | Entered Level 5 of the Dungeon
  4314 | D:5      | Reached skill level 9 in Unarmed Combat
  4729 | D:5      | Found a shimmering blue altar of Sif Muna.
  4959 | D:6      | Reached skill level 10 in Unarmed Combat
  4959 | D:6      | Reached XP level 8. HP: 74/74 MP: 8/8
  5030 | D:6      | Reached skill level 3 in Fighting
  5206 | D:6      | Found a basalt altar of Yredelemnul.
  5237 | D:6      | Reached skill level 4 in Fighting
  5307 | D:6      | Found a broken altar of Ashenzari.
  5664 | D:6      | Reached skill level 11 in Unarmed Combat
  5667 | D:6      | Reached XP level 9. HP: 39/87 MP: 9/9
  5766 | D:7      | Found Moteikep's Mayhem Merchandise.
  5829 | D:7      | Reached skill level 5 in Fighting
  5988 | D:7      | Noticed a troll
  6000 | D:7      | Killed a troll
  6154 | D:7      | Reached skill level 6 in Fighting
  6279 | D:7      | Found a sacrificial altar of Ru.
  6305 | D:7      | Noticed Menkaure
  6314 | D:7      | Killed Menkaure
  6315 | D:7      | Reached skill level 12 in Unarmed Combat
  6596 | D:7      | Found a stormy altar of Qazlal.
  6900 | D:8      | Noticed Joseph
  6912 | D:8      | Killed Joseph
  6913 | D:8      | Reached skill level 7 in Fighting
  6913 | D:8      | Reached XP level 10. HP: 90/102 MP: 10/10
  7126 | D:8      | Found Simuinn's Distillery.
  7126 | D:8      | Noticed Pikel
  7128 | D:8      | Killed Pikel
  7133 | D:8      | Bought a potion of heal wounds for 50 gold pieces
  7743 | D:9      | Noticed a cyclops
  7759 | D:9      | Killed a cyclops
  7760 | D:9      | Reached skill level 13 in Unarmed Combat
  7978 | D:8      | Reached skill level 8 in Fighting
  8049 | D:8      | HP: 9/104 [orc warrior/+0 battleaxe (13)]
  8194 | D:9      | Noticed a red ugly thing
  8205 | D:9      | Killed a red ugly thing
  8221 | D:9      | Noticed a tengu warrior
  8230 | D:9      | Killed a tengu warrior
  8254 | D:9      | Found an ornate altar of the Wu Jian Council.
  8386 | D:9      | Noticed a cyclops
  8411 | D:9      | Noticed an ogre mage
  8436 | D:9      | Killed a cyclops
  8437 | D:9      | Reached XP level 11. HP: 34/113 MP: 11/11
  8557 | D:9      | Reached skill level 14 in Unarmed Combat
  8564 | D:9      | Reached skill level 9 in Fighting
  8567 | D:9      | HP: 10/115 [something (21)]
  8572 | D:9      | Killed an ogre mage
  8973 | D:10     | Entered Level 10 of the Dungeon
  8977 | D:10     | Found a staircase to the Lair.
  9534 | D:10     | Reached skill level 10 in Fighting
  9572 | D:10     | Reached skill level 15 in Unarmed Combat
  9586 | D:10     | Noticed a two-headed ogre
  9596 | D:10     | Killed a two-headed ogre
  9757 | D:9      | Found a staircase to the Orcish Mines.
  9757 | D:9      | Found Ycah's Armour Shop.
  9774 | D:9      | Bought a +2 robe of resistance for 490 gold pieces
  9887 | D:9      | Found a shadowy altar of Dithmenos.
  9983 | D:10     | Found a radiant altar of Vehumet.
  9983 | D:10     | Found a burning altar of Makhleb.
 10043 | D:10     | Identified +0 acid dragon scales
 10346 | Temple   | Fell from the grace of Ignis
 10346 | Temple   | Became a worshipper of Warmaster Okawaru
 10481 | D:11     | Noticed a seven-headed hydra
 10611 | D:11     | Identified 5 potions of resistance
 10758 | D:11     | Noticed a boulder beetle
 10778 | D:11     | Killed a boulder beetle
 10802 | D:11     | Noticed Erica
 10810 | D:11     | Killed Erica
 10811 | D:11     | Reached XP level 12. HP: 121/128 MP: 12/12
 11017 | D:11     | Reached * piety under Okawaru
 11052 | D:11     | Noticed a four-headed hydra
 11057 | D:11     | Killed a four-headed hydra
 11058 | D:11     | Reached skill level 2 in Invocations
 11229 | D:11     | Killed a one-headed hydra
 11380 | D:12     | Noticed a two-headed ogre
 11381 | D:12     | Reached skill level 3 in Invocations
 11393 | D:12     | Demolished by a two-headed ogre

Vanquished Creatures
  A boulder beetle (D:11)
  Erica (D:11)
  2 hydras (D:11)
  An ogre mage (D:9)
  A two-headed ogre (D:10)
  A tengu warrior (D:9)
  Pikel (D:8)
  An ugly thing (D:9)
  2 cyclopes (D:9)
  A slime creature (D:12)
  Joseph (D:8)
  2 kobold demonologists (D:10)
  An unseen horror (D:10)
  2 trolls
  3 wyverns
  2 wraiths
  A steam dragon (D:8)
  22 yaks
  2 fire elementals (D:11)
  3 vampire mosquitoes (D:11)
  Menkaure (D:7)
  An acid dragon (D:10)
  5 water moccasins
  5 orc warriors
  3 black bears (D:6)
  3 ice beasts
  4 centaurs
  An ogre (D:5)
  A phantom (D:5)
  2 kobold brigands (D:10)
  5 bullfrogs
  2 gnoll sergeants
  5 scorpions
  5 wights (D:7)
  13 killer bees
  5 howler monkeys
  A crimson imp (D:10)
  3 hounds
  3 orc priests
  13 orc wizards
  Natasha (thrice) (D:2)
  4 iguanas
  Robin (D:4)
  11 gnolls
  14 adders
  8 river rats
  2 shadow imps (D:7)
  A white imp (D:8)
  2 ufetubi (D:5)
  4 worms
  2 dart slugs
  31 orcs
  12 bats
  11 endoplasms
  6 giant cockroaches
  12 goblins
  8 hobgoblins
  6 jackals
  10 kobolds
  9 quokkas
  13 ball pythons
  6 frilled lizards
  10 rats
318 creatures vanquished.

Vanquished Creatures (others)
  A bush (D:6)
  2 fungi (D:10)
  15 plants (D:10)
18 creatures vanquished.

Grand Total: 336 creatures vanquished
